 Dungeon Crawl Stone Soup version 0.24-a0-347-g1a3e1d35ff (webtiles) character file.

Game seed: 1695975389797759084

9408 Gumption the Thrower (level 11, -3/96 HPs)
             Began as a Troll Hunter on May 23, 2019.
             Was a Priest of Hepliaklqana.
             Killed from afar by an electric eel (7 damage)
             ... with a bolt of electricity
             ... on level 10 of the Dungeon.
             The game lasted 01:01:45 (9620 turns).

Gumption the Thrower (Troll Hunter)                 Turns: 9620, Time: 01:01:46

Health: -3/96      AC: 17    Str: 25    XL:     11   Next: 22%
Magic:  10/10      EV:  8    Int:  7    God:    Hepliaklqana [***...]
Gold:   518        SH:  0    Dex: 13    Spells: 10/10 levels left

rFire    . . .     SeeInvis .   P - +8 spear of Untruth {freeze, rC+ Str+4 Dex+2}
rCold    + . .     Gourm    +   (no shield)
rNeg     + . .     Faith    .   u - +0 pearl dragon scales
rPois    .         Spirit   .   (helmet restricted)
rElec    .         Reflect  .   m - +0 cloak
rCorr    .         Harm     .   (gloves unavailable)
MR       .....                  (boots unavailable)
Stlth    ..........             (no amulet)
HPRegen  0.66/turn              j - -3 ring of strength (curse)
MPRegen  0.12/turn              (no ring)

@: slowed, very slow
A: large, unfitting armour, reduced essence, claws 3, fast metabolism 3,
gourmand, regeneration 1, shaggy fur 1, tough skin 3
a: Recall Ancestor, Ancestor Identity, Transference, Renounce Religion


You were on level 10 of the Dungeon.
You worshipped Hepliaklqana.
Hepliaklqana was most pleased with you.
You were very full.

You visited 1 branch of the dungeon, and saw 10 of its levels.

You collected 526 gold pieces.
You spent 8 gold pieces at shops.

Inventory:

Hand Weapons
 a - a +0 falchion of slicing
 h - a +0 dagger of electrocution
 k - a +1 giant spiked club
 P - the +8 spear of Untruth (weapon) {freeze, rC+ Str+4 Dex+2}
   (You found it on level 9 of the Dungeon)

   It has been specially enchanted to freeze those struck by it, causing extra
   injury to most foes and up to half again as much damage against particularly
   susceptible opponents.
   It can also slow down cold-blooded creatures.
   It affects your strength (+4).
   It affects your dexterity (+2).
   It protects you from cold.
Missiles
 b - 5 curare-tipped darts (quivered)
 c - 5 large rocks
 d - 2 throwing nets
 g - 232 stones
 x - 2 datura-tipped darts
 A - 36 poisoned darts
Armour
 m - a +0 cloak (worn)
 u - +0 pearl dragon scales (worn)
 C - a +0 robe of magic resistance
Jewellery
 j - a cursed -3 ring of strength (left claw)
 H - a +5 amulet of reflection {unknown}
Wands
 t - a wand of acid (5)
 w - a wand of random effects (12)
 z - a wand of disintegration (12)
 F - a wand of enslavement (21)
 I - a wand of scattershot (4)
Scrolls
 e - a scroll of enchant weapon
 n - 6 scrolls of remove curse
 o - 6 scrolls of teleportation
 q - a scroll of fog {unknown}
 y - 3 scrolls of enchant armour {unknown}
 B - a scroll of immolation {unknown}
 G - 5 scrolls of identify
 L - a scroll of magic mapping {unknown}
 M - a scroll of fear {unknown}
 N - a scroll of silence {unknown}
 Q - a scroll of acquirement {unknown}
 T - a scroll of blinking {unknown}
Potions
 i - 3 potions of curing
 l - 2 potions of cancellation {unknown}
 p - a potion of degeneration
 r - 3 potions of flight
 s - 2 potions of lignification
 v - 2 potions of brilliance {unknown}
 D - 2 potions of might {unknown}
 E - 3 potions of haste {unknown}
 J - a potion of mutation {unknown}
 K - a potion of heal wounds
 R - a potion of resistance {unknown}
Miscellaneous
 O - a lamp of fire
Comestibles
 f - 22 rations


   Skills:
 + Level 6.5 Fighting
 * Level 8.6 Maces & Flails
 * Level 10.5 Throwing
 + Level 5.9 Armour
 - Level 1.6 Dodging
 - Level 0.4 Stealth


You had 10 spell levels left.
You didn't know any spells.
Your spell library was empty.

Dungeon Overview and Level Annotations

Branches:
Dungeon (10/15)            Temple (0/1) D:5            Lair (0/6) D:9
    Orc (0/2) D:9

Altars:
Ashenzari
Elyvilon
Fedhas
Hepliaklqana
Nemelex Xobeh
Ru
Trog
Uskayaw
Vehumet
Wu Jian
Xom
Yredelemnul

Shops:
D:4 *   D:5 [

Annotations:
D:4 2 transporters, Ijyb
D:10 Gastronok


Innate Abilities, Weirdness & Mutations

You are too large for most types of armour.
You have claws for hands.
Your metabolism is lightning-fast.
You like to eat raw meat.
Your natural rate of healing is unusually fast.
You are covered in fur. (AC +1)
You have extremely tough skin. (AC +3)
Your life essence is reduced to manifest your ancestor. (-10% HP)


Message History

Gastronok is severely wounded.
The electric eel shoots out a bolt of lightning at you!
The bolt of electricity hits Ealdgyð!
The bolt of electricity hits you! Gastronok bites you!!
* * * LOW HITPOINT WARNING * * *
The electric eel shoots out a bolt of lightning at you!
The bolt of electricity hits Ealdgyð!
The bolt of electricity hits you but does no damage.
The electric eel shoots out a bolt of lightning at you!
The bolt of electricity hits Ealdgyð!
Ealdgyð is destroyed!
The bolt of electricity hits you!
* * * LOW HITPOINT WARNING * * *
Gastronok sloshes about.
Really walk into that dispersal trap?
You enter a dispersal trap!
Gastronok blinks!
The electric eel blinks! x2
You blink.
The electric eel shoots out a bolt of lightning at you!
The bolt of electricity hits you!
You die...

# #.#
##########.######
# #.# #...w†(.#.#
# ##.#
#.####....#
###≈.## #.#
#....# ##≈≈.≈#
#§# #....#
#≈≈≈.≈#
#.####....#
.≈≈≈.≈#
#w§.......#
.≈≈≈.≈#
...###≈≈≈##.#.#
.≈≈≈.≈#
#.....@...<#.#
.≈≈≈.≈#
#.#≈≈≈≈≈≈≈##.#
..≈≈.≈#
#............#
#.#≈.##
##≈≈≈§≈≈≈≈≈###
#..#.#
##≈≈≈;≈≈§##
##.#.# ##≈≈≈≈≈##
##.#.# ##≈≈≈##
.#...# ##≈##
.##..#


You could see Gastronok and an electric eel.

Vanquished Creatures
  2 two-headed ogres
  Pikel (D:7)
  Joseph (D:7)
  A hippogriff (D:9)
  3 wraiths (D:7)
  Eustachio (D:4)
  4 yaks (D:10)
  Duvessa (D:4)
  2 water moccasins
  An orc warrior (D:6)
  A black bear (D:9)
  A necrophage (D:7)
  An eye of draining (D:9)
  2 ogres
  3 centaurs
  4 bullfrogs
  An elf zombie (D:7)
  Blork the orc (D:4)
  A scorpion (D:9)
  Dowan (D:4)
  4 jellies
  A troll zombie (D:7)
  6 wights
  2 crimson imps
  A centaur zombie (D:6)
  A quasit (D:10)
  5 hounds
  3 orc priests
  A bullfrog skeleton (D:5)
  A human zombie (D:7)
  An orc wizard (D:7)
  An iguana (D:5)
  A centaur skeleton (D:4)
  2 worker ants (D:4)
  2 worker ant zombies
  5 gnolls
  A river rat (D:5)
  8 adders
  A shadow imp (D:10)
  2 oozes
  3 worms
  3 dart slugs
  4 leopard geckos
  23 orcs
  A ball python (D:5)
  3 bats (D:1)
  5 giant cockroaches
  11 hobgoblins
  9 jackals
  3 quokkas
  4 frilled lizards
  12 kobolds
  A leopard gecko skeleton (D:7)
  A quokka zombie (D:9)
  8 rats
173 creatures vanquished.

Vanquished Creatures (collateral kills)
  A centaur zombie (D:10)
  A hippogriff (D:8)
  A spriggan (D:7)
  A wraith (D:7)
  A yak (D:10)
  A hungry ghost (D:9)
  A water moccasin (D:9)
  2 porcupines
  An orc warrior (D:9)
  2 ice beasts (D:9)
  An eye of draining (D:10)
  An ogre (D:5)
  2 centaurs
  A crocodile (D:9)
  A big kobold (D:7)
  4 bullfrogs
  A wyvern skeleton (D:9)
  A scorpion (D:9)
  3 killer bees (D:9)
  3 wights
  An electric eel (D:10)
  3 howler monkeys
  2 crimson imps
  A human zombie (D:7)
  A hound (D:6)
  An orc priest (D:9)
  2 orc wizards
  A gnoll shaman (D:6)
  A human skeleton (D:7)
  A worker ant (D:5)
  A hound skeleton (D:6)
  A mummy (D:7)
  5 gnolls
  4 adders
  A shadow imp (D:7)
  A leopard gecko (D:6)
  4 orcs
  A jackal (D:9)
  4 kobolds (D:7)
66 creatures vanquished.

Vanquished Creatures (others)
  A slave (D:7)
  A human zombie (D:7)
  An orc wizard (D:4)
  8 hexers
  2 ancestors (D:6)
  An orc (D:7)
  14 fungi (D:9)
  3 plants (D:9)
31 creatures vanquished.

Grand Total: 270 creatures vanquished

Notes
Turn   | Place    | Note
-------+----------+-------------------------------------------
     0 | D:1      | Gumption the Troll Hunter began the quest for the Orb.
     0 | D:1      | Reached XP level 1. HP: 19/19 MP: 0/0
   357 | D:1      | Reached XP level 2. HP: 26/28 MP: 1/1
   537 | D:1      | Reached skill level 4 in Throwing
  1175 | D:2      | Reached XP level 3. HP: 35/35 MP: 0/2
  1252 | D:2      | You fall into a shaft and drop 1 floor!
  1417 | D:2      | Found a shattered altar of Ashenzari.
  2140 | D:3      | Reached XP level 4. HP: 36/44 MP: 1/3
  2145 | D:3      | Found a blossoming altar of Fedhas.
  2470 | D:3      | Found a hide-covered altar of Uskayaw.
  2528 | D:3      | Reached skill level 5 in Throwing
  2528 | D:3      | Reached XP level 5. HP: 50/50 MP: 1/4
  2960 | D:4      | Noticed Eustachio
  2991 | D:4      | Killed Eustachio
  2991 | D:4      | Reached skill level 1 in Armour
  2991 | D:4      | Reached XP level 6. HP: 56/61 MP: 1/5
  3096 | D:4      | Noticed Ijyb
  3128 | D:4      | Reached skill level 6 in Throwing
  3216 | D:4      | Found Jorig's General Store.
  3221 | D:4      | Found an ornate altar of the Wu Jian Council.
  3245 | D:4      | Noticed Blork the orc
  3314 | D:4      | Found a sacrificial altar of Ru.
  3366 | D:4      | Noticed Dowan
  3394 | D:4      | Noticed a water moccasin
  3415 | D:4      | Killed a water moccasin
  3415 | D:4      | Reached skill level 1 in Maces & Flails
  3415 | D:4      | Reached XP level 7. HP: 63/67 MP: 6/6
  3418 | D:4      | Noticed Duvessa
  3425 | D:4      | Killed Dowan
  3462 | D:4      | Killed Duvessa
  3653 | D:4      | Bought 2 datura-tipped darts for 8 gold pieces
  3668 | D:4      | Found a transporter.
  3676 | D:4      | Found a transporter.
  3686 | D:4      | Found a radiant altar of Vehumet.
  3805 | D:4      | Killed Blork the orc
  3870 | D:5      | Entered Level 5 of the Dungeon
  4018 | D:5      | Found a hazy altar of Hepliaklqana.
  4020 | D:5      | Found a shimmering altar of Xom.
  4020 | D:5      | Noticed a hungry ghost
  4021 | D:5      | Noticed a hungry ghost
  4021 | D:5      | Noticed a spectral ugly thing
  4025 | D:5      | Became a worshipper of Hepliaklqana the Forgotten
  4051 | D:5      | Found a staircase to the Ecumenical Temple.
  4073 | D:5      | Found a sacrificial altar of Ru.
  4106 | D:5      | Found Upitzer's Antique Armour Shop.
  4185 | D:5      | Reached XP level 8. HP: 19/70 MP: 7/7
  4215 | D:5      | You fall into a shaft and drop 3 floors!
  4260 | D:8      | Reached skill level 7 in Throwing
  4430 | D:8      | Reached * piety under Hepliaklqana
  4662 | D:8      | Noticed a hippogriff
  4674 | D:8      | Killed a hippogriff
  5458 | D:6      | Reached XP level 9. HP: 73/76 MP: 8/8
  5519 | D:6      | Reached ** piety under Hepliaklqana
  5520 | D:6      | Remembered your ancestor Ealdgyð as a hexer
  5544 | D:5      | Reached skill level 8 in Throwing
  5667 | D:5      | Reached skill level 5 in Maces & Flails
  6378 | D:6      | Found a white marble altar of Elyvilon.
  6550 | D:7      | Noticed Pikel
  6567 | D:7      | Killed Pikel
  6567 | D:7      | Reached skill level 5 in Fighting
  6993 | D:7      | Found a sparkling altar of Nemelex Xobeh.
  7078 | D:7      | Reached skill level 9 in Throwing
  7266 | D:7      | Reached XP level 10. HP: 47/86 MP: 9/9
  7271 | D:7      | Noticed Joseph
  7297 | D:7      | Killed Joseph
  7489 | D:7      | Found a basalt altar of Yredelemnul.
  7770 | D:8      | Found a bloodstained altar of Trog.
  8037 | D:9      | Noticed a two-headed ogre
  8055 | D:9      | Killed a two-headed ogre
  8055 | D:9      | Reached skill level 5 in Armour
  8125 | D:9      | Found a staircase to the Lair.
  8268 | D:9      | Found a staircase to the Orcish Mines.
  8452 | D:9      | Reached skill level 10 in Throwing
  8771 | D:9      | Got a steaming spear
  8777 | D:9      | Reached *** piety under Hepliaklqana
  8786 | D:9      | Identified the +8 spear of Untruth {freeze, rC+ Str+4
                  | Dex+2} (You found it on level 9 of the Dungeon)
  9036 | D:10     | Entered Level 10 of the Dungeon
  9158 | D:10     | Reached XP level 11. HP: 91/94 MP: 10/10
  9215 | D:10     | Noticed a two-headed ogre
  9229 | D:10     | Killed a two-headed ogre
  9546 | D:10     | Noticed Gastronok
  9619 | D:10     | HP: 3/96 [electric eel/bolt of electricity (12)]
  9620 | D:10     | Killed from afar by an electric eel

Levels and vault maps discovered:
D:1:      zaba_arrival_water, layout_loops_corners, serial_park_tiny_2,
          minmay_misc_feat_hallway
D:2:      layout_loops_corners, ashenzari_conservatory_becter
D:3:      layout_basic, old_standard_altar, lemuel_doored_altar, first_ration,
          serial_forest, infiniplex_forest_lined_2,
          infiniplex_forest_lined_corner, infiniplex_forest_straight_2,
          infiniplex_forest_clump_long, infiniplex_forest_clump_C,
          infiniplex_forest_end_double, infiniplex_forest_clump_diagonal,
          infiniplex_forest_corner_1, minmay_misc_feat_iff, nrook_mini_backslash
D:4:      layout_rooms, nicolae_overflow_hidden_temple,
          gammafunk_temple_overflow_arena, serial_shops,
          nicolae_shop_competitors_out_of_business,
          nicolae_ru_sacrificial_ziggurat, uniq_duvessa, uniq_eustachio,
          uniq_ijyb, uniq_blork_the_orc
D:5:      layout_loops_ring, regret_index_temple_of_mockery,
          minmay_temple_entry_stoned_glass, serial_shops, shop, basic_altar,
          gup_sewer_entry_spiral
D:6:      layout_basic, kennysheep_little_box, hangedman_decor_riveting
D:7:      layout_rooms, lemuel_round_altar, lemuel_mausoleum_altar_yredelemnul,
          grunt_ministairs_11, the_bakery, uniq_pikel, uniq_joseph
D:8:      layout_basic, trog_three_pillars_becter
D:9:      layout_roguey, due_lair_maze_entry_diamond, kennysheep_generic_room_7
D:10:     layout_basic, uniq_gastronok

Skill      XL: |  1  2  3  4  5  6  7  8  9 10 |
---------------+-------------------------------+-----
Throwing       | 4 5 6 7 9 10 | 10.5
Fighting       | 2 3 4 5 6 |  6.5
Armour         | 1 2 3 4 5 |  5.9
Maces & Flails | 1 2 4 6 8 |  8.6
Dodging        | |  1.6
Stealth        | |  0.4

Action                   |  1- 3 |  4- 6 |  7- 9 | 10-12 || total
-------------------------+-------+-------+-------+-------++-------
Melee: Short sword       |    50 |       |       |       ||    50
       Hand axe          |    43 |    56 |       |       ||    99
       Falchion          |       |    36 |   361 |   245 ||   642
       Giant spiked club |       |    30 |    40 |       ||    70
       Spear             |       |       |       |   124 ||   124
Throw: Stone             |    86 |    31 |     1 |       ||   118
       Dart              |       |     9 |    26 |    16 ||    51
       Large rock        |       |       |     3 |       ||     3
Invok: Recall Ancestor   |       |       |     1 |       ||     1
       Ancestor Life: He |       |       |     1 |       ||     1
  Use: Scroll            |       |     5 |     4 |       ||     9
       Potion            |       |       |     3 |       ||     3
 Stab: Distracted        |       |       |     2 |     2 ||     4
       Confused          |       |       |       |     2 ||     2
  Eat: Chunk             |    24 |    13 |    37 |    27 ||   101
       Ration            |       |       |       |     1 ||     1
Armor: Robe              |    49 |       |       |       ||    49
       Pearl dragon scal |       |   127 |   350 |   289 ||   766
Dodge: Dodged            |    58 |    70 |   202 |   142 ||   472
       Rpst.: Falchion   |       |     3 |    58 |    35 ||    96

Table legend:
 A = Non-vault XP
 B = Vault XP
 C = Vault XP percentage of total XP
 D = Non-vault monster count
 E = Vault monster count
 F = Vault count percentage of total count
                 A         B        C        D         E       F
            +---------+---------+-------+---------+---------+-------
      Total |    9364 |    4077 |  30.3 |     205 |      36 |  14.9
            +---------+---------+-------+---------+---------+-------
        D:1 |      39 |       0 |   0.0 |      19 |       0 |   0.0
        D:2 |      29 |       0 |   0.0 |      10 |       0 |   0.0
        D:3 |     140 |       0 |   0.0 |      20 |       0 |   0.0
        D:4 |     459 |     506 |  52.4 |      17 |       4 |  19.0
        D:5 |     736 |      44 |   5.6 |      26 |       5 |  16.1
        D:6 |     890 |       0 |   0.0 |      21 |       0 |   0.0
        D:7 |     488 |    2572 |  84.1 |      28 |      17 |  37.8
        D:8 |     804 |     233 |  22.5 |      10 |       2 |  16.7
        D:9 |    2518 |     722 |  22.3 |      28 |       8 |  22.2
       D:10 |    3261 |       0 |   0.0 |      26 |       0 |   0.0
            +---------+---------+-------+---------+---------+-------
